 Dungeon Crawl Stone Soup version 0.29.1-1-gd02db6906a (webtiles) character file.

Game seed: 2777015270081192475

1641 croobank the Sneak (level 8, -3/54 HPs)
             Began as an Octopode Summoner on Oct 8, 2022.
             Slain by an unseen horror (10 damage)
             ... on level 6 of the Dungeon.
             The game lasted 00:59:21 (6517 turns).

croobank the Sneak (Octopode Summoner)              Turns: 6517, Time: 00:59:22

Health: -3/54      AC:  1    Str:  8    XL:     8   Next: 99%
Magic:  11/14      EV: 18    Int: 19    God:
Gold:   258        SH:  3    Dex: 12    Spells: 3/16 levels left

rFire   . . .      SeeInvis .   a - +3 short sword
rCold   . . .      Faith    .   v - +0 buckler
rNeg    . . .      Spirit   .   (helmet restricted)
rPois   .          Reflect  .   (no amulet)
rElec   .          Harm     .   q - +4 ring of evasion
rCorr   .          Rampage  .   (no ring)
Will    .....                   (no ring)
Stlth   ++++......              (no ring)
HPRegen 0.18/turn               (no ring)
MPRegen 0.14/turn               (no ring)
                                (no ring)
                                (no ring)

@: about to teleport, flying
A: almost no armour, amphibious, 8 rings, camouflage 1, gelatinous body 1,
(nimble swimmer 1), tentacles
a: no special abilities


You were on level 6 of the Dungeon.
You visited 1 branch of the dungeon, and saw 6 of its levels.

You collected 258 gold pieces.

Inventory:

Hand Weapons
 a - a +3 short sword (weapon)
 b - a +0 arbalest
 p - a +0 war axe
Armour
 v - a +0 buckler (worn)
Jewellery
 q - a +4 ring of evasion (left tentacle)
 u - a ring of ice
Wands
 j - a wand of charming (5)
 k - a wand of iceblast (9)
Scrolls
 l - a scroll of fear
 m - 2 scrolls of fog
 s - a scroll of immolation
 t - 2 scrolls of blinking
Potions
 c - 2 potions of curing
 d - a potion of haste
 e - a potion of cancellation
 f - a potion of resistance
 h - a potion of ambrosia
 r - 2 potions of mutation {unknown}
 w - a potion of degeneration {unknown}
 x - 2 potions of magic


   Skills:
 + Level 4.1 Fighting
 + Level 4.8 Dodging
 + Level 6.8 Stealth
 + Level 4.5 Spellcasting
 + Level 3.7 Hexes
 + Level 5.9 Summonings
 + Level 2.1 Air Magic


You had 3 spell levels left.
You knew the following spells:

 Your Spells              Type           Power      Damage    Failure   Level
a - Summon Small Mammal   Summ           100%       N/A       1%          1
b - Call Imp              Summ           27%        N/A       2%          2
c - Call Canine Familiar  Summ           27%        N/A       4%          3
d - Summon Guardian Gole  Hex/Summ       22%        N/A       7%          3
e - Summon Lightning Spi  Summ/Air       19%        N/A       32%         4

Your spell library contained the following spells:

 Spells                   Type           Power      Damage    Failure   Level
 Tukima's Dance           Hex            18%        N/A       11%         3
 Static Discharge         Conj/Air       8%         3-4/arc   17%         2
 Beastly Appendage        Tmut           8%         N/A       19%         1
 Portal Projectile        Hex/Tloc       22%        N/A       24%         3
 Blink                    Tloc           8%         N/A       26%         2
 Wereblood                Tmut           4%         N/A       26%         2
 Lesser Beckoning         Tloc           4%         N/A       47%         3
 Spider Form              Tmut/Pois      4%         N/A       47%         3
 Lightning Bolt           Conj/Air       4%         1d15      97%         5
 Blade Hands              Tmut           2%         N/A       99%         5
 Manifold Assault         Tloc           4%         N/A       99%         5
 Maxwell's Capacitive Co  Air            6%         ∞         100%        8


Dungeon Overview and Level Annotations

Branches:
Dungeon (6/15)             Temple (0/1) D:4

Altars:
Cheibriados
Fedhas
Nemelex Xobeh
Okawaru

Shops:
D:2 (

Annotations:
D:2 Sigmund
D:6 4 runed translucent doors


Innate Abilities, Weirdness & Mutations

You cannot wear most types of armour.
You are amphibious.
You can wear up to eight rings at the same time.
Your skin changes colour to match your surroundings (Stealth+).
Your rubbery body absorbs attacks. (AC +1, EV +1)
((You are camouflaged when in or above water. (Stealth+)))
You have tentacles for arms and can constrict up to eight enemies at once.


Message History

The iguana bites your hound.
It was a potion of ambrosia.
You are confused.
You feel invigorated. Something hits you.
* * * LOW HITPOINT WARNING * * *
Your hound barely misses something.
The iguana bites your hound!
Your hound dies!
Your hound's corpse disappears in a puff of smoke!
It was a potion of flight.
You feel very buoyant.
You fly up into the air.
Something barely misses you. Something hits you!
* * * LOW HITPOINT WARNING * * *
It was a potion of heal wounds.
You feel much better. Something closely misses you. Something hits you.
You bump into the metal wall.
You hit something. Something hits you. Something closely misses you.
You closely miss something. Your squeeze misses something. Something hits you.
Something hits you! x2
You hit something but do no damage.
You flicker for a moment.
The iguana hisses angrily.
Something hits you. Something hits you!
You hit something. Something barely misses you. Something hits you! x2
* * * LOW HITPOINT WARNING * * *
You feel much better. Something hits you! Something closely misses you.
You are too confused!
You feel better.
You feel less invigorated. Something hits you! Something closely misses you.
The orc priest casts a cantrip, but nothing happens.
As you read the scroll of teleportation, it crumbles to dust.
You feel strangely unstable. Something hits you.
Casting: Call Canine Familiar (dangerous; 4% risk of failure)
Confirm with . or Enter, or press ? or * to list all spells.
The iguana hisses angrily.
Something hits you! Something hits you. Something hits you!
* * * LOW HITPOINT WARNING * * *
You flicker back into view.
Something hits you!
You die...

#)...............+y.....+......
#........#####'#.#8....8#..##..
#........#.......##8T!8##..#...
#........#........######.......
#........#....###'# #+###...
#........###.##...# ##..
#........#...#.#.## #.#
#......††#...#h##.# #..
#......<.#...#@#.## #..
#....†...'...#.### #..
#........#...##l.o.#### ##..
+...†....#....######..######...
#........#.........))..........
#........+.......#.............
#........#......##...#......#'#
#........#......##...#......#..
..........#...........########..


You could see an iguana and a friendly hound (summoned).

Vanquished Creatures
  A centaur (D:5)
  3 scorpions
  An orc priest (D:5)
  An orc wizard (D:5)
  An iguana (D:4)
  2 adders
  An ufetubus (D:4)
  2 worms (D:2)
  3 orcs
  5 hobgoblins
  2 quokkas
  3 ball pythons (D:3)
  A frilled lizard (D:2)
  A goblin (D:4)
  2 kobolds
29 creatures vanquished.

Vanquished Creatures (collateral kills)
  Grinder (D:6)
  Menkaure (D:6)
  2 ice beasts (D:5)
  A sky beast (D:6)
  An ogre (D:6)
  A necrophage (D:5)
  A scorpion (D:4)
  2 hounds
  An iron imp (D:5)
  An iguana (D:6)
  3 gnolls (D:4)
  8 adders
  A shadow imp (D:6)
  An ufetubus (D:5)
  2 worms
  2 dart slugs
  5 orcs
  4 endoplasms
  A giant cockroach (D:3)
  4 goblins
  2 hobgoblins
  5 quokkas
  8 ball pythons
  A frilled lizard (D:3)
  4 kobolds
  5 rats
68 creatures vanquished.

Vanquished Creatures (others)
  Duvessa (D:6)
  An ice beast (D:5)
  Dowan (D:6)
3 creatures vanquished.

Grand Total: 100 creatures vanquished

Notes
Turn   | Place    | Note
-------+----------+-------------------------------------------
     0 | D:1      | croobank the Octopode Summoner began the quest for the Orb.
     0 | D:1      | Reached XP level 1. HP: 11/11 MP: 3/3
   431 | D:1      | Reached skill level 3 in Stealth
   431 | D:1      | Reached XP level 2. HP: 17/17 MP: 3/5
   434 | D:1      | Learned a level 2 spell: Call Imp
  1250 | D:2      | Noticed Sigmund
  1266 | D:2      | Reached XP level 3. HP: 11/22 MP: 6/6
  1453 | D:2      | Found Usoeson's Antique Weapon Emporium.
  1670 | D:2      | Reached skill level 1 in Fighting
  1724 | D:3      | Learned a level 3 spell: Call Canine Familiar
  1876 | D:3      | Reached XP level 4. HP: 28/28 MP: 0/7
  2093 | D:3      | Found a sparkling altar of Nemelex Xobeh.
  2309 | D:3      | Found a faded altar of an unknown god.
  2913 | D:4      | Reached skill level 4 in Stealth
  2913 | D:4      | Reached XP level 5. HP: 33/33 MP: 4/9
  2997 | D:4      | Learned a level 3 spell: Summon Guardian Golem
  3421 | D:4      | Reached skill level 1 in Hexes
  3467 | D:4      | Reached XP level 6. HP: 34/39 MP: 3/10
  3606 | D:4      | Found a staircase to the Ecumenical Temple.
  4031 | D:5      | Entered Level 5 of the Dungeon
  4533 | D:5      | Reached skill level 5 in Stealth
  4533 | D:5      | Reached skill level 5 in Summonings
  4533 | D:5      | Reached XP level 7. HP: 37/45 MP: 10/12
  4708 | D:5      | Found an iron altar of Okawaru.
  4710 | D:5      | Found a blossoming altar of Fedhas.
  5065 | D:5      | Found a snail-covered altar of Cheibriados.
  5524 | D:5      | Reached XP level 8. HP: 52/52 MP: 7/13
  5693 | D:6      | Noticed Menkaure
  5703 | D:6      | Killed Menkaure
  5704 | D:6      | Reached skill level 6 in Stealth
  5709 | D:6      | Learned a level 4 spell: Summon Lightning Spire
  6041 | D:6      | Reached skill level 1 in Air Magic
  6181 | D:6      | Noticed Grinder
  6205 | D:6      | Killed Grinder
  6356 | D:6      | Noticed Dowan
  6357 | D:6      | Noticed Duvessa
  6364 | D:6      | Your ally Dowan died
  6368 | D:6      | Killed Duvessa
  6452 | D:6      | Found a large runed translucent door.
  6452 | D:6      | Found a large runed translucent door.
  6455 | D:6      | Found the +2 Maxwell's thermic engine {flame, freeze}
  6459 | D:6      | Noticed a troll
  6465 | D:6      | Found a large runed translucent door.
  6465 | D:6      | Found a large runed translucent door.
  6506 | D:6      | HP: 2/54 [something (11)]
  6517 | D:6      | Slain by an unseen horror

Illustrated notes

Levels and vault maps discovered:
D:1:      dpeg_arrival_long_road, layout_loops_ring, minivault_19
D:2:      layout_rooms, serial_shops, shop, uniq_sigmund
D:3:      layout_basic, mainiacjoe_overflow_paths,
          hellmonk_ecumenical_altar_inner_sanctum, minivault_26
D:4:      layout_cave_pools, minmay_temple_entry_waves
D:5:      layout_rooms, nicolae_overflow_two_pavilions, slow_altar_2
D:6:      layout_gridville, minmay_misc_feat_x, minmay_hollow_rounded_squares,
          uniq_eustachio, uniq_grinder, uniq_menkaure, uniq_duvessa

Skill      XL: |  1  2  3  4  5  6  7  8 |
---------------+-------------------------+-----
Stealth        | 3 4 5 6 |  6.8
Fighting       | 1 2 3 4 |  4.1
Dodging        | 3 4 |  4.8
Spellcasting   | 3 4 |  4.5
Hexes          | 1 2 3 |  3.7
Summonings     | 5 |  5.9
Air Magic      | 2 |  2.1

Action                   |  1- 3 |  4- 6 |  7- 9 || total
-------------------------+-------+-------+-------++-------
Melee: Unarmed           |     9 |       |       ||     9
       Constrict         |     9 |     7 |    10 ||    26
       Tentacles         |     6 |     7 |    14 ||    27
       Short sword       |    21 |    30 |    42 ||    93
       Punch             |       |       |     1 ||     1
 Cast: Summon Small Mamm |    45 |    42 |    25 ||   112
       Call Imp          |     9 |    12 |     7 ||    28
       Call Canine Famil |     3 |    15 |    18 ||    36
       Summon Guardian G |       |       |     8 ||     8
Evoke: Wand              |       |       |     3 ||     3
  Use: Scroll            |     3 |     8 |     4 ||    15
       Potion            |       |       |     7 ||     7
 Stab: Distracted        |     1 |     2 |     1 ||     4
       Sleeping          |       |     3 |       ||     3
Armor: Skin              |     2 |     5 |     3 ||    10
Dodge: Dodged            |    34 |    17 |    35 ||    86
Block: Buckler           |       |       |     3 ||     3
